 Dungeon Crawl Stone Soup version 0.13.0-7-g3df9ff1 (webtiles) character file.

1501 Leibowitz the Ducker (level 8, -3/49 HPs)
             Began as a Kobold Fighter on Oct 16, 2013.
             Was a Follower of Okawaru.
             Killed from afar by an electric eel (6 damage)
             ... with a bolt of electricity
             ... on Level 7 of the Dungeon.
             The game lasted 00:38:11 (8708 turns).

Leibowitz the Ducker (Kobold Fighter)               Turns: 8708, Time: 00:38:12

HP  -3/49        AC  5     Str 15      XL: 8   Next: 84%
MP  16/16        EV 19     Int  6      God: Okawaru [*.....]
Gold 220         SH 13     Dex 17      Spells:  0 memorised,  7 levels left

Res.Fire  : . . .   See Invis. : .   a - +0,+1 dagger (venom)
Res.Cold  : . . .   Warding    : .   h - +2 robe
Life Prot.: . . .   Conserve   : .   c - +0 buckler
Res.Poison: .       Res.Corr.  : .   (no helmet)
Res.Elec. : .       Clarity    : .   i - +0 elf cloak
Sust.Abil.: . .     Spirit.Shd : .   (no gloves)
Res.Mut.  : .       Stasis     : +   (no boots)
Res.Rott. : .       Flight     : .   u - amulet of stasis {unknown}
Saprovore : + + .                    (no ring)
                                     I - ring of magical power

@: slightly resistant to hostile enchantments, very stealthy
A: disease resistance, carnivore 3, saprovore 2
a: Heroism, Renounce Religion


You were on level 7 of the Dungeon.
You worshipped Okawaru.
Okawaru was aware of your devotion.
You were full.

You visited 2 branches of the dungeon, and saw 8 of its levels.
You also visited: Sewer.

You collected 200 gold pieces.

Inventory:

Hand weapons
 a - a +0,+1 dagger of venom (weapon)
 b - a +0 blowgun
 t - a -1,+3 orcish dagger
 y - a +0,+0 short sword
Missiles
 q - 33 poisoned needles
 v - 19 stones (quivered)
Armour
 c - a +0 buckler (worn)
 h - a +2 robe (worn)
 i - a +0 elven cloak (worn)
Magical devices
 H - a wand of magic darts (4)
Comestibles
 d - 3 meat rations
Scrolls
 e - 3 scrolls of remove curse {unknown}
 g - 5 scrolls of identify {unknown}
 j - 2 scrolls of random uselessness {unknown}
 k - 4 scrolls of blinking {unknown}
 l - 2 scrolls of enchant armour {unknown}
 n - 2 scrolls of enchant weapon I {unknown}
 o - a scroll of curse jewellery {unknown}
 p - a scroll of amnesia {unknown}
 s - a scroll of enchant weapon II {unknown}
 A - 2 scrolls of recharging {unknown}
 B - 2 scrolls of magic mapping {unknown}
 C - a scroll of fear {unknown}
 E - 3 scrolls of noise {unknown}
 G - 3 scrolls of teleportation {unknown}
Jewellery
 u - an amulet of stasis (around neck) {unknown}
 I - a ring of magical power (left hand)
Potions
 f - 4 potions of flight {unknown}
 m - a potion of speed
 r - 2 potions of poison {unknown}
 w - 8 potions of heal wounds
 x - 2 potions of resistance {unknown}
 z - 6 potions of curing
 D - 2 potions of brilliance {unknown}
 F - a potion of invisibility {unknown}
 J - a potion of magic {unknown}
 K - 2 potions of might {unknown}
 L - a potion of agility {unknown}


   Skills:
 * Level 5.3 Fighting
 * Level 5.3 Short Blades
 + Level 2.6 Armour
 * Level 6.8 Dodging
 * Level 5.7 Stealth
 * Level 4.4 Shields


You had 7 spell levels left.
You didn't know any spells.

Dungeon Overview and Level Annotations

Branches:
Dungeon (7/27)             Temple (1/1) D:4
    Orc: D:6-11

Altars:
Ashenzari
Cheibriados
Elyvilon
Fedhas
Kikubaaqudgha
Makhleb
Nemelex Xobeh
Okawaru
Sif Muna
Trog
Vehumet
Xom
Yredelemnul
Zin
the Shining One

Shops:
D:4 [

Annotations:
D:2 Ijyb
D:3 exclusion: oklob plant
D:4 DaftWullie's ghost, experienced KoBe
D:5 inmateoo's ghost, experienced GrFi


Innate Abilities, Weirdness & Mutations

You recuperate from illness quickly.
You are small and have problems with some larger weapons.
You are carnivorous and can eat meat at any time.
You can eat rotten meat.


Message History

The giant goldfish is severely wounded.
You hear a splashing noise.
The giant goldfish bites you!
You hit the giant goldfish but do no damage.
The giant goldfish is almost dead.
You hit the giant goldfish.
You kill the giant goldfish!
Okawaru accepts your kill.
You hear a splashing noise.
The electric eel shoots out a bolt of electricity!
The bolt of electricity hits the jellyfish.
The bolt of electricity hits the plant.
The bolt of electricity misses you. The bolt of electricity hits you!
* * * LOW HITPOINT WARNING * * *
The electric eel shoots out a bolt of electricity!
The bolt of electricity hits the plant.
The bolt of electricity hits you!
* * * LOW HITPOINT WARNING * * *
The bolt of electricity hits you!
You die... .P. ≈PP{.# ♣≈PP.# ♣♣≈≈..# PP♣

♣≈≈PP.####
P≈≈;♣{P$P......
♣≈♣;PP.P......
♣;J.P≈.#....
#@#.#.#
PP#####.#.#.####
................###
...##...#........#
##...#........###
.................#
..###..#........#.#
#..#........#.#
#..#........#.#


You could see a giant goldfish, a jellyfish and 2 electric eels.

Vanquished Creatures
  A necrophage (D:5)
  A phantom (D:5)
  A giant goldfish (D:7)
  An ogre (D:4)
  2 giant frogs (D:6)
  A goliath beetle (D:6)
  A crimson imp (D:6)
  A black bear skeleton (D:5)
  2 orc priests (D:6)
  A scorpion (D:4)
  A big fish (D:3)
  2 iguanas (D:5)
  4 worker ants
  Jessica (D:2)
  An ogre skeleton (D:7)
  Terence (D:2)
  15 adders
  2 giant centipedes (D:6)
  2 green rats (Sewer)
  3 worms
  20 grey rats (Sewer)
  A giant eyeball (D:4)
  An ooze (D:1)
  11 orcs
  2 bat skeletons
  2 giant cockroaches (D:6)
  12 hobgoblins
  6 jackals
  25 kobolds
  4 ball pythons (Sewer)
  23 bats
  8 giant geckos
  8 giant newts
  11 goblins
  An orc skeleton (D:5)
  A quokka (D:5)
  12 rats
  A rat skeleton (D:6)
193 creatures vanquished.

Notes
Turn   | Place    | Note
--------------------------------------------------------------
     0 | D:1      | Leibowitz, the Kobold Fighter, began the quest for the Orb.
     0 | D:1      | Reached XP level 1. HP: 14/14 MP: 0/0
   313 | D:1      | Reached XP level 2. HP: 8/19 MP: 1/1
  1008 | D:2      | Reached XP level 3. HP: 18/24 MP: 2/2
  1195 | D:2      | Reached skill level 1 in Dodging
  1672 | D:2      | Noticed Jessica
  1677 | D:2      | Killed Jessica
  1677 | D:2      | Reached skill level 4 in Fighting
  1677 | D:2      | Reached skill level 1 in Stealth
  1677 | D:2      | Reached XP level 4. HP: 29/29 MP: 3/3
  1928 | D:2      | Noticed Terence
  1979 | D:2      | Killed Terence
  2207 | D:2      | Noticed Ijyb
  2607 | D:3      | Reached XP level 5. HP: 33/33 MP: 4/4
  2736 | D:3      | HP: 1/33 [orc/runed orcish flail (7)]
  3063 | D:3      | Found an ancient bone altar of Kikubaaqudgha.
  3077 | D:3      | Found a snail-covered altar of Cheibriados.
  3081 | D:3      | Found a white marble altar of Elyvilon.
  3421 | D:3      | Found a blossoming altar of Fedhas.
  3446 | D:3      | Noticed an oklob plant
  4186 | D:4      | Reached XP level 6. HP: 39/39 MP: 5/5
  4308 | D:4      | Found a staircase to the Ecumenical Temple.
  4353 | Temple   | Entered the Ecumenical Temple
  4421 | Temple   | Became a worshipper of Warmaster Okawaru
  4645 | D:4      | Noticed an ogre
  4673 | D:4      | Killed an ogre
  4700 | D:4      | Reached XP level 7. HP: 38/43 MP: 6/6
  4799 | D:4      | Noticed DaftWullie's ghost (experienced KoBe)
  4815 | D:5      | Entered Level 5 of the Dungeon
  5195 | D:5      | Noticed inmateoo's ghost (experienced GrFi)
  5418 | D:4      | Found Cyamy's Armour Shop.
  5716 | D:5      | Identified the Volume of the Manifold Spirits
  5925 | D:5      | Reached skill level 5 in Dodging
  6031 | D:5      | Acquired Okawaru's first power
  6031 | D:5      | Reached XP level 8. HP: 17/48 MP: 7/7
  6358 | D:6      | Reached skill level 5 in Stealth
  6803 | D:6      | Reached skill level 5 in Fighting
  6803 | D:6      | Reached skill level 6 in Dodging
  7055 | D:6      | Found a glowing drain.
  7070 | Sewer    | Entered a sewer
  8438 | D:6      | Reached skill level 5 in Short Blades
  8708 | D:7      | Killed from afar by an electric eel

Action                   |  1- 3 |  4- 6 |  7- 9 || total
-------------------------+-------+-------+-------++-------
Melee: Short sword       |   122 |       |       ||   122
       Dagger            |       |   312 |   550 ||   862
Throw: Stone             |       |     4 |    11 ||    15
Invok: Heroism           |       |       |     1 ||     1
Evoke: Wand              |       |       |     7 ||     7
  Use: Potion            |       |     3 |       ||     3
 Stab: Sleeping          |     3 |     9 |    21 ||    33
